3AA
YAKIMA HOPS @ SAN ANTONIO BC
08/03/2034
 
TOP OF THE 1ST
Yakima Hops batting - Pitching for San Antonio BC : RHP Nate Randall
Pitching: RHP Nate Randall
Batting: SHB Zack Murphy 0-0: SOLO HOME RUN (Flyball, 7D), Distance : 394 ft
Batting: LHB Gustavo Deleón 0-0: Ball
1-0: Called Strike
1-1: Ball
2-1: Called Strike
2-2: Fly out, F7 (Flyball, 7D)
Batting: RHB Lee Scrooby 0-0: Ball
1-0: Ball
2-0: Ball
3-0: Called Strike
3-1: Called Strike
3-2: Strikes out swinging
Batting: RHB George Hubbard 0-0: Ball
1-0: Ground out 6-3 (Groundball, 56D)
Top of the 1st over - 1 run, 1 hit, 0 errors, 0 left on base; Yakima 1 - San Antonio 0
BOTTOM OF THE 1ST
San Antonio BC batting - Pitching for Yakima Hops : RHP Elroy Quaid
Pitching: RHP Elroy Quaid
Batting: RHB Alfonso Torres 0-0: Called Strike
0-1: Called Strike
0-2: Reached on error, E5 (Groundball, 56)
Batting: RHB José Salinas 0-0: Called Strike
0-1: Ball
1-1: Foul Ball, location: 2F
1-2: Strikes out swinging
Batting: RHB Mike Howard 0-0: Called Strike
Alfonso Torres steals 3rd base
0-1: Ball
1-1: Swinging Strike
1-2: Ball
Wild Pitch!
Alfonso Torres scores
2-2: Strikes out looking
Batting: RHB Tom Bancroft 0-0: Ball
1-0: Ball
2-0: Called Strike
2-1: DOUBLE (Flyball, 8LXD)
Batting: RHB Silverberry Mouhon 0-0: Ball
1-0: Swinging Strike
1-1: Called Strike
1-2: Strikes out looking
Bottom of the 1st over - 1 run, 1 hit, 1 error, 1 left on base; Yakima 1 - San Antonio 1
TOP OF THE 2ND
Yakima Hops batting - Pitching for San Antonio BC : RHP Nate Randall
Batting: LHB Wulf Paauwe 0-0: Foul Ball, location: 2F
0-1: Foul Ball, location: 2F
0-2: Ball
1-2: Ball
2-2: Ball
3-2: Foul Ball, location: 2F
3-2: Ground out 4-3 (Groundball, 4)
Batting: RHB Carlo Beedle 0-0: Called Strike
0-1: Swinging Strike
0-2: Ball
1-2: Ball
2-2: Foul Ball, location: 2F
2-2: Foul Ball, location: 2F
2-2: Ball
3-2: Strikes out looking
Batting: LHB Héctor Velázquez 0-0: Ball
1-0: Ball
2-0: Called Strike
2-1: Swinging Strike
2-2: Strikes out swinging
Top of the 2nd over - 0 runs, 0 hits, 0 errors, 0 left on base; Yakima 1 - San Antonio 1
BOTTOM OF THE 2ND
San Antonio BC batting - Pitching for Yakima Hops : RHP Elroy Quaid
Batting: RHB Brodie Floyd 0-0: Ball
1-0: Foul Ball, location: 2F
1-1: DOUBLE (Line Drive, 7LM)
Batting: LHB Pablo Morales 0-0: Called Strike
0-1: Ball
1-1: Foul Ball, location: 2F
1-2: DOUBLE (Line Drive, 7LM)
Brodie Floyd scores
Batting: SHB Tom Chagolla 0-0: Called Strike
0-1: Ball
1-1: Ground out U3 (Groundball, 3)
Pablo Morales to third
Batting: RHB Tong-sik Im 0-0: Ball
1-0: SINGLE (Groundball, 56) (infield hit)
Pablo Morales scores
Batting: RHB Alfonso Torres 0-0: Ball
1-0: Foul Ball, location: 2F
1-1: Ball
2-1: Ball
3-1: Base on Balls
Tong-sik Im to second
Batting: RHB José Salinas 0-0: Called Strike
Tong-sik Im steals 3rd base
Alfonso Torres to second
0-1: Foul Ball, location: 2F
0-2: Foul Ball, location: 2F
0-2: Ball
1-2: SINGLE (Flyball, 89M)
Tong-sik Im scores
Alfonso Torres to third
Batting: RHB Mike Howard 0-0: Called Strike
0-1: Ball
1-1: Foul Ball, location: 2F
1-2: Fly out, F7 (Flyball, 7LSF)
Runner from 3rd tags up, SCORES, no throw
Batting: RHB Tom Bancroft 0-0: Ball
1-0: Called Strike
1-1: Foul Ball, location: 2F
1-2: Fly out, F7 (Flyball, 7S)
Bottom of the 2nd over - 4 runs, 4 hits, 0 errors, 1 left on base; Yakima 1 - San Antonio 5
TOP OF THE 3RD
Yakima Hops batting - Pitching for San Antonio BC : RHP Nate Randall
Batting: RHB Luis León 0-0: Called Strike
0-1: Foul Ball, location: 2F
0-2: Ball
1-2: Ball
2-2: Foul Ball, location: 2F
2-2: Ball
3-2: Base on Balls
Batting: RHB Jeromy Gride 0-0: Ball
1-0: Foul Ball, location: 2F
1-1: Foul Ball, location: 2F
1-2: Foul Ball, location: 2F
1-2: Strikes out swinging
Batting: SHB Zack Murphy 0-0: Fly out, F7 (Flyball, 7LMF)
Batting: LHB Gustavo Deleón 0-0: Called Strike
0-1: Foul Ball, location: 2F
0-2: Ball
1-2: Fly out, F5 (Popup, 56S)
Top of the 3rd over - 0 runs, 0 hits, 0 errors, 1 left on base; Yakima 1 - San Antonio 5
BOTTOM OF THE 3RD
San Antonio BC batting - Pitching for Yakima Hops : RHP Elroy Quaid
Batting: RHB Silverberry Mouhon 0-0: Foul Ball, location: 2F
0-1: Ball
1-1: Ball
2-1: Foul Ball, location: 2F
2-2: Ball
3-2: Foul Ball, location: 2F
3-2: Base on Balls
Batting: RHB Brodie Floyd 0-0: Ball
1-0: Foul Ball, location: 2F
1-1: Ball
2-1: Called Strike
2-2: Ball
3-2: Foul Ball, location: 2F
3-2: Foul Ball, location: 2F
3-2: Strikes out swinging
Batting: LHB Pablo Morales 0-0: Ball
1-0: Ball
2-0: Foul Ball, location: 2F
2-1: Foul Ball, location: 2F
2-2: SINGLE (Groundball, 4MD)
Silverberry Mouhon to second
Runner from 2nd tries for 3rd, SAFE, throw made to third
Batting: SHB Tom Chagolla 0-0: Ball
1-0: Ball
2-0: Called Strike
2-1: Swinging Strike
2-2: Ball
3-2: SINGLE (Groundball, 6MD)
Silverberry Mouhon scores
Pablo Morales to second
Batting: RHB Tong-sik Im 0-0: Fly out, F8 (Flyball, 8LS)
Batting: RHB Alfonso Torres 0-0: Called Strike
0-1: Foul Ball, location: 2F
0-2: Foul Ball, location: 2F
0-2: Fielders Choice at 2nd, 6-4 (Groundball, 6)
Bottom of the 3rd over - 1 run, 2 hits, 0 errors, 2 left on base; Yakima 1 - San Antonio 6
TOP OF THE 4TH
Yakima Hops batting - Pitching for San Antonio BC : RHP Nate Randall
Batting: RHB Lee Scrooby 0-0: Ball
1-0: Ball
2-0: SINGLE (Groundball, 6S) (infield hit)
Batting: RHB George Hubbard 0-0: Called Strike
0-1: Foul Ball, location: 2F
0-2: SINGLE (Line Drive, 7S)
Lee Scrooby to second
Batting: LHB Wulf Paauwe 0-0: Ball
1-0: Ground out 6-3 (Groundball, 6S)
Lee Scrooby to third
George Hubbard to second
Batting: RHB Carlo Beedle 0-0: Ground out 4-3 (Groundball, 34)
Lee Scrooby scores
George Hubbard to third
Batting: LHB Héctor Velázquez 0-0: Called Strike
0-1: Foul Ball, location: 2F
0-2: Ground out 4-3 (Groundball, 4S)
Top of the 4th over - 1 run, 2 hits, 0 errors, 1 left on base; Yakima 2 - San Antonio 6
BOTTOM OF THE 4TH
San Antonio BC batting - Pitching for Yakima Hops : RHP Elroy Quaid
Batting: RHB José Salinas 0-0: Called Strike
0-1: Fly out, F5 (Popup, 5SF)
Batting: RHB Mike Howard 0-0: Ball
1-0: Swinging Strike
1-1: Ground out 6-3 (Groundball, 6)
Batting: RHB Tom Bancroft 0-0: Ball
1-0: Called Strike
1-1: Fly out, F8 (Flyball, 8RS)
Bottom of the 4th over - 0 runs, 0 hits, 0 errors, 0 left on base; Yakima 2 - San Antonio 6
TOP OF THE 5TH
Yakima Hops batting - Pitching for San Antonio BC : RHP Nate Randall
Batting: RHB Luis León 0-0: Foul Ball, location: 2F
0-1: SINGLE (Groundball, 34D)
Batting: RHB Jeromy Gride 0-0: Ball
1-0: Foul Ball, location: 2F
1-1: Foul Ball, location: 2F
1-2: Ball
2-2: Strikes out swinging
Batting: SHB Zack Murphy 0-0: Ball
1-0: Ball
2-0: Foul Ball, location: 2F
2-1: Foul Ball, location: 2F
2-2: Ball
Wild Pitch!
Luis León to second
3-2: Strikes out swinging
Batting: LHB Gustavo Deleón 0-0: SINGLE (Groundball, 56S) (infield hit)
Luis León to third
Batting: RHB Lee Scrooby 0-0: Foul Ball, location: 2F
0-1: Ground out 1-3 (Groundball, 13S)
Top of the 5th over - 0 runs, 2 hits, 0 errors, 2 left on base; Yakima 2 - San Antonio 6
BOTTOM OF THE 5TH
San Antonio BC batting - Pitching for Yakima Hops : RHP Elroy Quaid
Batting: RHB Silverberry Mouhon 0-0: Ball
1-0: Called Strike
1-1: Ball
2-1: Foul Ball, location: 2F
2-2: Foul Ball, location: 2F
2-2: Ball
3-2: Fly out, F8 (Flyball, 8LS)
Pitching: RHP Justin Furneaux
Batting: RHB Brodie Floyd 0-0: Called Strike
0-1: Ball
1-1: Called Strike
1-2: Strikes out swinging
Batting: LHB Pablo Morales 0-0: Called Strike
0-1: Ground out 4-3 (Groundball, 4MS)
Bottom of the 5th over - 0 runs, 0 hits, 0 errors, 0 left on base; Yakima 2 - San Antonio 6
TOP OF THE 6TH
Yakima Hops batting - Pitching for San Antonio BC : RHP Nate Randall
Batting: RHB George Hubbard 0-0: Called Strike
0-1: Swinging Strike
0-2: Ball
1-2: Ball
2-2: Ball
3-2: Strikes out swinging
Batting: LHB Wulf Paauwe 0-0: Ball
1-0: Ground out 4-3 (Groundball, 4)
Batting: RHB Carlo Beedle 0-0: Foul Ball, location: 2F
0-1: Foul Ball, location: 2F
0-2: Fly out, F4 (Popup, 4MD)
Top of the 6th over - 0 runs, 0 hits, 0 errors, 0 left on base; Yakima 2 - San Antonio 6
BOTTOM OF THE 6TH
San Antonio BC batting - Pitching for Yakima Hops : RHP Justin Furneaux
Batting: SHB Tom Chagolla 0-0: Called Strike
0-1: Ball
1-1: Ball
2-1: Ball
3-1: Ground out U3 (Groundball, 3L)
Batting: RHB Tong-sik Im 0-0: Called Strike
0-1: Called Strike
0-2: Foul Ball, location: 2F
0-2: Ball
1-2: Fly out, F8 (Flyball, 8RD)
Batting: RHB Alfonso Torres 0-0: Swinging Strike
0-1: Ball
1-1: Ball
2-1: Foul Ball, location: 2F
2-2: Fly out, F7 (Flyball, 7)
Bottom of the 6th over - 0 runs, 0 hits, 0 errors, 0 left on base; Yakima 2 - San Antonio 6
TOP OF THE 7TH
Yakima Hops batting - Pitching for San Antonio BC : RHP Nate Randall
Batting: LHB Héctor Velázquez 0-0: Ground out 1-3 (Groundball, 15)
Batting: RHB Luis León 0-0: Foul Ball, location: 2F
0-1: Fly out, F4 (Line Drive, 4)
Batting: RHB Jeromy Gride 0-0: Called Strike
0-1: SOLO HOME RUN (Flyball, 7D), Distance : 384 ft
Batting: SHB Zack Murphy 0-0: Ball
1-0: Called Strike
1-1: Ball
2-1: Foul Ball, location: 2F
2-2: Ball
3-2: Base on Balls
Pitching: RHP Salvador Villegas
Batting: LHB Gustavo Deleón 0-0: Foul Ball, location: 2F
0-1: Ball
1-1: Hit by Pitch
Zack Murphy to second
Batting: RHB Lee Scrooby 0-0: Ball
1-0: Called Strike
1-1: Foul Ball, location: 2F
1-2: Strikes out looking
Top of the 7th over - 1 run, 1 hit, 0 errors, 2 left on base; Yakima 3 - San Antonio 6
BOTTOM OF THE 7TH
San Antonio BC batting - Pitching for Yakima Hops : RHP Justin Furneaux
Batting: RHB José Salinas 0-0: Called Strike
0-1: Ball
1-1: Ball
2-1: Swinging Strike
2-2: Ball
3-2: Foul Ball, location: 2F
3-2: Base on Balls
Batting: RHB Mike Howard 0-0: Ball
1-0: Ball
2-0: Called Strike
2-1: Ball
3-1: Base on Balls
José Salinas to second
Batting: RHB Tom Bancroft 0-0: Ball
1-0: Foul Ball, location: 2F
1-1: Fly out, F9 (Flyball, 89M)
Batting: RHB Silverberry Mouhon 0-0: Ball
1-0: Called Strike
1-1: Ball
2-1: Called Strike
2-2: Grounds into double play, 6-4-3 (Groundball, 6)
Bottom of the 7th over - 0 runs, 0 hits, 0 errors, 1 left on base; Yakima 3 - San Antonio 6
TOP OF THE 8TH
Yakima Hops batting - Pitching for San Antonio BC : RHP Salvador Villegas
Batting: RHB George Hubbard 0-0: Ball
1-0: Called Strike
1-1: Foul Ball, location: 2F
1-2: Ball
2-2: Ball
3-2: Strikes out swinging
Batting: LHB Wulf Paauwe 0-0: Ball
1-0: Reached via error on a dropped throw, E1
Batting: RHB Carlo Beedle 0-0: Ball
1-0: Called Strike
1-1: Fly out, F9 (Flyball, 9)
Batting: LHB Héctor Velázquez 0-0: Ball
1-0: Ball
2-0: Foul Ball, location: 2F
2-1: Foul Ball, location: 2F
2-2: Foul Ball, location: 2F
2-2: Ball
3-2: Foul Ball, location: 2F
3-2: Base on Balls
Wulf Paauwe to second
Batting: RHB Luis León 0-0: Ball
1-0: Swinging Strike
1-1: Fly out, F9 (Line Drive, 89D)
Top of the 8th over - 0 runs, 0 hits, 1 error, 2 left on base; Yakima 3 - San Antonio 6
BOTTOM OF THE 8TH
San Antonio BC batting - Pitching for Yakima Hops : RHP Justin Furneaux
Batting: RHB Brodie Floyd 0-0: Ball
1-0: Ball
2-0: Called Strike
2-1: Foul Ball, location: 2F
2-2: Foul Ball, location: 2F
2-2: Foul Ball, location: 2F
2-2: Strikes out swinging
Batting: LHB Pablo Morales 0-0: Ball
1-0: Foul Ball, location: 2F
1-1: Ball
2-1: SINGLE (Flyball, 9LM)
Batting: SHB Tom Chagolla 0-0: Foul Ball, location: 2F
0-1: Foul Ball, location: 2F
0-2: Ball
1-2: Foul Ball, location: 2F
1-2: Ball
2-2: Foul Ball, location: 2F
2-2: SINGLE (Line Drive, 4M)
Pablo Morales to second
Pitching: RHP Héctor Navarro
Batting: RHB Tong-sik Im 0-0: Ball
1-0: Fly out, F2 (Popup, 23F)
Batting: RHB Alfonso Torres 0-0: Ball
1-0: Called Strike
1-1: Ball
2-1: Swinging Strike
2-2: Strikes out swinging
Bottom of the 8th over - 0 runs, 2 hits, 0 errors, 2 left on base; Yakima 3 - San Antonio 6
TOP OF THE 9TH
Yakima Hops batting - Pitching for San Antonio BC : RHP Salvador Villegas
Pitching: RHP Joel Walden
Batting: RHB Jeromy Gride 0-0: Called Strike
0-1: Ground out 6-3 (Groundball, 6)
Batting: SHB Zack Murphy 0-0: Foul Ball, location: 2F
0-1: SINGLE (Line Drive, 6D)
Batting: LHB Gustavo Deleón 0-0: Ball
1-0: Ball
2-0: Ball
3-0: Base on Balls
Zack Murphy to second
Batting: RHB Lee Scrooby 0-0: Ball
1-0: Swinging Strike
1-1: Called Strike
1-2: Ball
2-2: Ball
Wild Pitch!
Zack Murphy to third
Gustavo Deleón to second
3-2: Reached on error, E6 (Groundball, 6)
Zack Murphy scores
Gustavo Deleón scores
Batting: RHB George Hubbard 0-0: Called Strike
0-1: Ball
1-1: Ball
2-1: SINGLE (Groundball, 6MD)
Lee Scrooby to third
Runner from 3rd tries for Home, SAFE, no throw
Batting: LHB Wulf Paauwe 0-0: Ball
1-0: Called Strike
1-1: Called Strike
1-2: Foul Ball, location: 2F
1-2: Foul Ball, location: 2F
1-2: Fly out, F9 (Flyball, 9D)
Batting: RHB Carlo Beedle 0-0: Called Strike
0-1: Foul Ball, location: 2F
0-2: Fielders Choice at 2nd, 5-4 (Groundball, 56)
Top of the 9th over - 3 runs, 2 hits, 1 error, 1 left on base; Yakima 6 - San Antonio 6
BOTTOM OF THE 9TH
San Antonio BC batting - Pitching for Yakima Hops : RHP Héctor Navarro
Pitching: RHP Pieter Spitsbaard
Batting: RHB José Salinas 0-0: Ball
1-0: Called Strike
1-1: Foul Ball, location: 2F
1-2: Ball
2-2: Foul Ball, location: 2F
2-2: Ground out 3-1 (Groundball, 34S)
Batting: RHB Mike Howard 0-0: Called Strike
0-1: SINGLE (Groundball, 6MD)
Batting: RHB Tom Bancroft 0-0: Ball
1-0: Called Strike
1-1: Foul Ball, location: 2F
1-2: Strikes out swinging
Batting: RHB Silverberry Mouhon 0-0: Ball
1-0: Ball
Mike Howard steals 2nd base
2-0: Fly out, F7 (Flyball, 7LMF)
Bottom of the 9th over - 0 runs, 1 hit, 0 errors, 1 left on base; Yakima 6 - San Antonio 6
TOP OF THE 10TH
Yakima Hops batting - Pitching for San Antonio BC : RHP Joel Walden
Pitching: LHP Ken Borrego
Pinch Hitting: RHB Vonne Navarrete 0-0: Ball
1-0: Ball
2-0: SOLO HOME RUN (Flyball, 78XD), Distance : 430 ft
Batting: RHB Luis León 0-0: Foul Ball, location: 2F
0-1: SINGLE (Groundball, 6MS) (infield hit)
Batting: RHB Jeromy Gride 0-0: Ball
1-0: SINGLE (Groundball, 4D)
Luis León to second
Runner from 2nd tries for 3rd, SAFE, no throw
Batting: SHB Zack Murphy 0-0: Ball
1-0: Fly out, F8 (Line Drive, 8LD)
Runner from 3rd tags up, SCORES, throw made
Batting: LHB Gustavo Deleón 0-0: Ball
1-0: Ball
2-0: Called Strike
2-1: Ground out 6-3 (Groundball, 6MS)
Jeromy Gride to second
Batting: RHB Lee Scrooby 0-0: Called Strike
0-1: Ball
1-1: Foul Ball, location: 2F
1-2: Ball
2-2: DOUBLE (Line Drive, 78D)
Jeromy Gride scores
Batting: RHB George Hubbard 0-0: SINGLE (Groundball, 56S) (infield hit)
Lee Scrooby to third
Batting: LHB Wulf Paauwe 0-0: Ball
1-0: Swinging Strike
1-1: Ground out 4-3 (Groundball, 4)
Top of the 10th over - 3 runs, 5 hits, 0 errors, 2 left on base; Yakima 9 - San Antonio 6
BOTTOM OF THE 10TH
San Antonio BC batting - Pitching for Yakima Hops : RHP Pieter Spitsbaard
Now at C: Nicholas Seal
Now in RF: Vonne Navarrete
Batting: RHB Brodie Floyd 0-0: Called Strike
0-1: Ground out 5-3 (Groundball, 56S)
Batting: LHB Pablo Morales 0-0: Called Strike
0-1: Ball
1-1: Foul Ball, location: 2F
1-2: Strikes out swinging
Batting: SHB Tom Chagolla 0-0: Foul Ball, location: 2F
0-1: SINGLE (Line Drive, 89S)
Batting: RHB Tong-sik Im 0-0: Foul Ball, location: 2F
0-1: Swinging Strike
0-2: Ball
1-2: Ball
2-2: Foul Ball, location: 2F
2-2: Ball
3-2: Strikes out swinging
Bottom of the 10th over - 0 runs, 1 hit, 0 errors, 1 left on base; Yakima 9 - San Antonio 6
Friday, March 29th, 2019 - OOTP Baseball 18.8 Build 76